 Dungeon Crawl Stone Soup version 0.30.2 (webtiles) character file.

Game seed: 16777386772039049375

317 porpoise the Caller (level 6, -1/48 HPs)
             Began as a Tengu Summoner on Feb 9, 2024.
             Slain by an orc
             ... wielding a +0 trident
              (3 damage)
             ... on level 3 of the Dungeon.
             The game lasted 00:08:05 (1915 turns).

porpoise the Caller (Tengu Summoner)                Turns: 1915, Time: 00:08:05

Health: -1/48      AC: 23    Str:  8    XL:     6   Next: 44%
Magic:  7/13       EV:  2    Int: 17    God:
Gold:   82         SH:  0    Dex: 15    Spells: 7/13 levels left

rFire   . . .        a - +0 short sword
rCold   . . .        (no shield)
rNeg    + . .        f - melded +1 robe {rF+}
rPois   +            (helmet currently unavailable)
rElec   .            d - melded +0 cloak
rCorr   .            (gloves currently unavailable)
SInv    .            (boots unavailable)
Will    .....        (no amulet)
Stlth   ++           k - ring of positive energy
HPRegen 0.28/turn    (no ring)
MPRegen 0.13/turn

%: no passive effects
@: tree-form
A: stationary, stasis, torment immunity, boosted hp, (beak), (talons 3), nimble
flight
a: no special abilities


You were on level 3 of the Dungeon.
You were a tree.
You visited 1 branch of the dungeon, and saw 3 of its levels.

You collected 82 gold pieces.

Inventory:

Hand Weapons
 a - a +0 short sword (weapon)
Armour
 d - a +0 cloak (melded)
 f - a +1 robe of fire resistance (melded)
 q - a scarf of invisibility
Jewellery
 k - a ring of positive energy (left branch)
 o - an amulet of faith
Scrolls
 c - a scroll of blinking {unknown}
 e - a scroll of immolation {unknown}
 j - a scroll of magic mapping {unknown}
 l - a scroll of identify {unknown}
 m - a scroll of enchant weapon {unknown}
 p - a scroll of fog {unknown}
Potions
 b - a potion of magic
 g - a potion of curing {unknown}
 h - a potion of lignification
 i - a potion of mutation {unknown}
 n - 2 potions of might {unknown}


   Skills:
 - Level 2.1 Dodging
 + Level 3.6 Stealth
 * Level 4.1 Spellcasting
 * Level 6.8 Summonings


You had 7 spell levels left.
You knew the following spells:

 Your Spells              Type           Power      Damage    Failure   Level
a - Summon Small Mammal   Summ           100%       N/A       1%          1
b - Call Imp              Summ           52%        N/A       1%          2
c - Call Canine Familiar  Summ           26%        N/A       2%          3

Your spell library contained the following spells:

 Spells                   Type           Power      Damage    Failure   Level
 Summon Guardian Golem    Hex/Summ       15%        N/A       12%         3
 Kiss of Death            Conj/Necr      12%        2d6       16%         1
 Magic Dart               Conj           12%        1d3       16%         1
 Summon Lightning Spire   Summ/Air       15%        N/A       36%         4
 Confusing Touch          Hex            3%         N/A       43%         3
 Mephitic Cloud           Conj/Pois/Air  3%         N/A       43%         3
 Dispel Undead            Necr           3%         3d7       83%         4


Dungeon Overview and Level Annotations

Branches:
Dungeon (3/15)

Altars:

Shops:
D:3 (


Innate Abilities, Weirdness & Mutations

You are a tree.
Your roots penetrate the ground, keeping you stationary.
You cannot be teleported.
You are immune to unholy pain and torment.
Your maximum health is greatly increased.
Your equipment is partially melded.
((You have a beak for a mouth.))
((You have claws for feet.))
Your magical nature lets you fly swiftly and evasively.


Message History

The orc wizard barely misses your hound.
The orc hits you but does no damage. The dart slug launches a dart at you.
The slug dart hits you but does no damage.
Your cerulean imp hits the orc with a -2 spear.
Your hound bites the orc but does no damage.
You barely miss the orc. Your punch misses the orc.
The orc is lightly wounded.
The orc wizard closely misses your hound.
The orc hits you but does no damage.
Your hound bites the orc.
The orc hits you but does no damage.
Your cerulean imp closely misses the orc.
You hit the orc.
The orc is heavily wounded.
Your hound bites the orc but does no damage.
The orc wizard barely misses your hound.
The orc hits you with a +0 dagger.
* * * LOW HITPOINT WARNING * * *
The orc hits you from afar with a +0 trident.
* * * LOW HITPOINT WARNING * * *
The dart slug launches a dart at you.
The slug dart hits you but does no damage.
Your hound barely misses the orc.
Your cerulean imp hits the orc with a -2 spear.
You hit the orc but do no damage.
The orc is heavily wounded.
The orc wizard hits your hound with a +0 falchion.
The orc hits you with a +0 dagger.
* * * LOW HITPOINT WARNING * * *
The orc hits you but does no damage.
Your hound bites the orc wizard.
The dart slug launches a dart at you. The slug dart hits you.
* * * LOW HITPOINT WARNING * * *
Your cerulean imp hits the orc with a -2 spear.
You barely miss the orc.
The orc is severely wounded.
Your hound bites the orc wizard.
The orc wizard barely misses your hound.
The orc hits you from afar with a +0 trident.
You die...

...........
#..........
#..........
#............. #..
#............. #...
#..owo........ ##...
#..oh.........
.....####..♣o).∩......
....[.......5.........
#.....................
#.....†......†........
........##............
...####.##............
#.##....(.......
#.##............
####.##............


You could see an orc wizard (ally target), a dart slug, 3 orcs, a friendly hound
(summoned) and a friendly cerulean imp (summoned).

Vanquished Creatures
  2 orcs (D:3)
  3 ball pythons
  4 bats
  An endoplasm (D:1)
  3 goblins
  3 hobgoblins
  3 jackals (D:1)
  A kobold (D:1)
  2 quokkas
  2 frilled lizards (D:1)
  3 rats
27 creatures vanquished.

Vanquished Creatures (collateral kills)
  Sigmund (D:2)
  A scorpion (D:3)
  A hound (D:3)
  An adder (D:2)
  A worm (D:2)
  A dart slug (D:1)
  2 orcs (D:3)
  2 endoplasms
  A giant cockroach (D:1)
  A hobgoblin (D:2)
  A jackal (D:1)
  A ball python (D:2)
  4 bats
  4 kobolds
  2 rats (D:1)
24 creatures vanquished.

Grand Total: 51 creatures vanquished

Notes
Turn   | Place    | Note
-------+----------+-------------------------------------------
     0 | D:1      | porpoise the Tengu Summoner began the quest for the Orb.
     0 | D:1      | Reached XP level 1. HP: 10/10 MP: 4/4
   138 | D:1      | Reached skill level 5 in Summonings
   212 | D:1      | Reached XP level 2. HP: 15/15 MP: 3/6
   483 | D:1      | Reached XP level 3. HP: 11/19 MP: 4/7
   507 | D:1      | Learned a level 2 spell: Call Imp
   511 | D:1      | Learned a level 3 spell: Call Canine Familiar
  1274 | D:2      | Noticed Sigmund
  1282 | D:2      | Killed Sigmund
  1283 | D:2      | Reached skill level 6 in Summonings
  1283 | D:2      | Reached XP level 4. HP: 24/24 MP: 6/10
  1283 | D:2      | Gained mutation: Your magical nature lets you fly swiftly
                  | and evasively. [Tengu growth]
  1283 | D:2      | Reached XP level 5. HP: 28/28 MP: 6/11
  1816 | D:3      | Reached XP level 6. HP: 32/32 MP: 6/12
  1859 | D:3      | Found Puxus's Antique Weapon Boutique.
  1914 | D:3      | HP: 2/48 [dart slug/slug dart (3)]
  1915 | D:3      | Slain by an orc

Illustrated notes

Levels and vault maps discovered:
D:1:      minmay_arrival_four_houses, layout_basic, serial_curves,
          eino_curves_01, eino_curves_02
D:2:      layout_basic, uniq_sigmund
D:3:      layout_basic, serial_shops, nicolae_shop_peninsula,
          nicolae_shop_overgrown_old_shop, nicolae_shop_scrapyard, shop,
          nicolae_shop_bloodbath_and_beyond

Skill      XL: |  1  2  3  4  5  6 |
---------------+-------------------+-----
Summonings     | 5 6 |  6.8
Stealth        | 3 |  3.6
Spellcasting   | 3 4 |  4.1
Dodging        | |  2.1

Action                     |  1- 3 |  4- 6 || total
---------------------------+-------+-------++-------
  Melee: Unarmed           |    15 |       ||    15
         Kick              |    16 |     7 ||    23
         Peck              |     7 |     7 ||    14
         Short sword       |    32 |    28 ||    60
         Dagger            |     3 |       ||     3
         Punch             |     1 |       ||     1
   Cast: Summon Small Mamm |    28 |     5 ||    33
         Call Imp          |     2 |     3 ||     5
         Call Canine Famil |     1 |     4 ||     5
    Use: Potion            |       |     1 ||     1
   Stab: Sleeping          |     1 |       ||     1
 Armour: Robe              |     7 |     7 ||    14
         Skin              |       |     9 ||     9
  Dodge: Dodged            |    42 |    15 ||    57
